 Dungeon Crawl Stone Soup version 0.21.1-1-g345015fe64 (webtiles) character file.

25 Evaline the Bolt Thrower (level 3, 0/21 HPs)
             Began as a Kobold Hunter on June 21, 2018.
             Slain by Terence
             ... wielding a +1 flail of protection
              (2 damage)
             ... on level 1 of the Dungeon.
             The game lasted 00:03:35 (1082 turns).

Evaline the Bolt Thrower (Kobold Hunter)            Turns: 1082, Time: 00:03:35

Health: 0/21       AC:  3    Str: 10    XL:     3   Next: 20%
Magic:  3/3        EV: 15    Int: 12    God:
Gold:   39         SH:  0    Dex: 15    Spells: 2/2 levels left

rFire    . . .     SeeInvis .   b - +1 hand crossbow
rCold    . . .     Gourm    .   (shield restricted)
rNeg     . . .     Faith    .   c - +0 leather armour
rPois    .         Spirit   .   (no helmet)
rElec    .         Reflect  .   (no cloak)
rCorr    .         Harm     .   (no gloves)
MR       .....                  (no boots)
Stlth    ++........             (no amulet)
HPRegen  0.07/turn              (no ring)
MPRegen  0.08/turn              (no ring)

@: no status effects
A: small, carnivore
a: no special abilities


You were on level 1 of the Dungeon.
You were very full.

You visited 1 branch of the dungeon, and saw 2 of its levels.

You collected 39 gold pieces.

Inventory:

Hand Weapons
 a - a +0 short sword
 b - a +1 hand crossbow (weapon)
 h - a cursed -2 mace
 m - a +0 hand axe
Missiles
 d - a bolt (quivered)
 k - 52 stones
Armour
 c - a +0 leather armour (worn)
Scrolls
 e - 2 scrolls of remove curse {unknown}
 i - 2 scrolls of identify {unknown}
 j - a scroll of immolation {unknown}
Potions
 l - a potion of invisibility {unknown}
 n - a potion of flight {unknown}
Comestibles
 f - 2 rations


   Skills:
 - Level 2.1 Fighting
 + Level 1.3 Short Blades
 + Level 5.6 Crossbows
 + Level 2.6 Dodging
 + Level 1.7 Stealth


You had 2 spell levels left.
You didn't know any spells.

Dungeon Overview and Level Annotations

Branches:
Dungeon (2/15)

Altars:

Annotations:
D:1 Terence
D:2 Sigmund


Innate Abilities, Weirdness & Mutations

You are small and have problems with some larger weapons.
You are carnivorous and can eat meat at any time.


Message History

Firing (i - inventory. (,) - cycle):
d - 4 bolts (quivered)
Press: ? - help, Shift-Dir - straight line, f/p - Terence
Aim: Terence, wielding a flail of protection and wearing a scale mail (severely wounded)
You shoot a bolt.
The bolt hits Terence but does no damage.
Terence is severely wounded.
Terence hits you with a flail of protection!
* * * LOW HITPOINT WARNING * * *
Firing (i - inventory. (,) - cycle):
d - 3 bolts (quivered)
Press: ? - help, Shift-Dir - straight line, f/p - Terence
Aim: Terence, wielding a flail of protection and wearing a scale mail (severely wounded)
You shoot a bolt. The bolt closely misses Terence.
Terence hits you but does no damage.
Firing (i - inventory. (,) - cycle):
d - 2 bolts (quivered)
Press: ? - help, Shift-Dir - straight line, f/p - Terence
Aim: Terence, wielding a flail of protection and wearing a scale mail (severely wounded)
You shoot a bolt. The bolt hits Terence.
Terence is severely wounded.
Terence hits you with a flail of protection.
You die...

##### ##########...#
#####
#(....))@....###...#
#.########.......#.#
#.#...@@..(..(.....####
#.#.############.......
#.#.# #..##### ####.#.#
#..# #.>(.#.# #..#
#.####.# ##..## #.#
#.## #..).#### #.# #..#
#....)... #.# ##.#
#....####


You could see Terence.

Vanquished Creatures
  A dart slug (D:1)
  3 bats (D:1)
  2 giant cockroaches (D:1)
  A hobgoblin (D:1)
  4 jackals (D:1)
  3 frilled lizards (D:1)
  3 kobolds (D:1)
  6 rats (D:1)
23 creatures vanquished.

Notes
Turn   | Place    | Note
-------+----------+-------------------------------------------
     0 | D:1      | Evaline the Kobold Hunter began the quest for the Orb.
     0 | D:1      | Reached XP level 1. HP: 12/12 MP: 1/1
    41 | D:1      | Reached skill level 5 in Crossbows
   214 | D:1      | Reached XP level 2. HP: 15/17 MP: 2/2
   505 | D:1      | Reached skill level 1 in Short Blades
   575 | D:1      | Reached XP level 3. HP: 11/21 MP: 3/3
  1042 | D:2      | Noticed Terence
  1047 | D:2      | Noticed Sigmund
  1082 | D:1      | Slain by Terence

Skill      XL: |  1  2 |
---------------+-------+-----
Crossbows      | 5 |  5.6
Short Blades   | 1 |  1.3
Fighting       | |  2.1
Dodging        | |  2.6
Stealth        | |  1.7

Action                   || total
-------------------------++-------
Melee: Short sword       ||    46
 Fire: Hand crossbow     ||    31
 Stab: Sleeping          ||     4
       Distracted        ||     1
  Eat: Chunk             ||     8
Armor: Leather armour    ||    12
Dodge: Dodged            ||    64
